 Dungeon Sprint DCSS version 0.19-a0-1540-g35a11b8 (webtiles) character file.

23585 Groucho the Shatterer (level 12, -3/128 HPs)
             Began as a Troll Berserker on Sept 14, 2016.
             Was the Champion of Trog.
             Slain by a merfolk impaler
             ... wielding a +4 demon trident of freezing
              (29 damage)
             ... in the Dungeon (Sprint IX: "|||||||||||||||||||||||||||||").
             The game lasted 00:14:33 (3334 turns).

Groucho the Shatterer (Troll Berserker)             Turns: 3334, Time: 00:14:34

Health: -3/128     AC: 11    Str: 35    XL:     12   Next: 73%
Magic:  11/11      EV: 17    Int:  3    God:    Trog [******]
Gold:   1096       SH:  0    Dex: 16    Spells: 0 memorised, 11 levels left

rFire  + + .     SeeInvis .     E - +5 giant club of Objectivity {crush, rF++ Str+4 Dex+3}
rCold  . . .     Gourm    +     r - +0 troll leather armour
rNeg   . . .     Faith    .     (shield currently unavailable)
rPois  .         Spirit   .     (helmet restricted)
rElec  .         Dismiss  .     y - +1 cloak
rCorr  .         Reflect  .     (gloves unavailable)
MR     ++...     Harm     .     (boots unavailable)
Stlth  +......... NoTele   +    (no amulet)
                                (no ring)
                                o - +3 ring of strength

@: mesmerised, regenerating
A: unfitting armour, claws 3, fast metabolism 3, gourmand, regeneration 1,
shaggy fur 1, tough skin 2
a: Berserk, Trog's Hand, Brothers in Arms, Burn Spellbooks, Renounce Religion


You were in the Dungeon.
You worshipped Trog.
Trog was exalted by your worship.
You were not hungry.

You visited 1 branch You collected 1909 gold pieces.
You spent 813 gold pieces at shops.

Inventory:

Hand Weapons
 b - the +4 giant spiked club of Orb Guardian's Regret {crush, Str+3 Dex+2}
   (Trog gifted it to you in the Dungeon)

   It inflicts extra damage upon your enemies.
   It affects your strength (+3).
   It affects your dexterity (+2).
 x - the +6 giant spiked club of the Final Decision {venom, Dex+4}
   (Trog gifted it to you in the Dungeon)

   It poisons the flesh of those it strikes.
   It affects your dexterity (+4).
 D - the +8 flail of Tumult {venom, Str+2, unknown}
   (Trog gifted it to you in the Dungeon)

   It poisons the flesh of those it strikes.
   It affects your strength (+2).
 E - the +5 giant club of Objectivity (weapon) {crush, rF++ Str+4 Dex+3}
   (Trog gifted it to you in the Dungeon)

   It inflicts extra damage upon your enemies.
   It affects your strength (+4).
   It affects your dexterity (+3).
   It greatly protects you from fire.
Armour
 r - a +0 troll leather armour (worn)
 y - a +1 cloak (worn)
Jewellery
 n - a +3 ring of intelligence
 o - a +3 ring of strength (left claw)
 I - an uncursed ring of protection from cold
 J - an uncursed ring of protection from cold
Wands
 a - a wand of heal wounds (7/9)
 l - a wand of acid (7/15)
Scrolls
 i - 5 scrolls of blinking
 k - 7 scrolls of remove curse
 v - 7 scrolls of identify
 w - 3 scrolls of fog
 z - 2 scrolls of enchant weapon
 F - a scroll of fear
 G - a scroll of magic mapping
 H - a scroll of silence
 K - a scroll of enchant armour
Potions
 d - 6 potions of curing
 e - 2 potions of invisibility
 f - a potion of haste
 g - 4 potions of magic
 h - 2 potions of berserk rage
 j - 6 potions of heal wounds
 s - a potion of might
 t - 2 potions of agility
 u - 2 potions of brilliance
Comestibles
 c - 13 bread rations
 B - 40 fruits
 C - 12 meat rations


   Skills:
 + Level 10.6 Fighting
 * Level 22.5 Maces & Flails
 + Level 9.5 Armour
 + Level 10.7 Dodging


You had 11 spell levels left.
You didn't know any spells.

Dungeon Overview and Level Annotations

Branches:
Dungeon (1/1)

Altars:
Cheibriados
Dithmenos
Elyvilon
Fedhas
Gozag
Hepliaklqana
Kikubaaqudgha
Makhleb
Nemelex Xobeh
Okawaru
Qazlal
Ru
Sif Muna
Trog
Uskayaw
Vehumet
Xom
Yredelemnul
Zin
The Shining One
Beogh
Jiyva
Lugonu

Shops:
D [}?%


Innate Abilities, Weirdness & Mutations

You are too large for most types of armour.
You have claws for hands.
Your metabolism is lightning-fast.
You like to eat raw meat.
Your natural rate of healing is unusually fast.
You are covered in fur. (AC +1)
You have very tough skin. (AC +2)


Message History

The merfolk avatar chants a haunting song.
You are mesmerised by the merfolk avatar!
The merfolk impaler hits you from afar with a demon trident of freezing!
The merfolk impaler freezes you.
You are too mesmerised to rage.
A merfolk impaler comes into view. It is wielding a trident.
The wind drake hisses angrily.
The merfolk impaler hits you with a demon trident of freezing!!
The merfolk impaler freezes you!
The merfolk avatar chants its luring song.
The merfolk impaler hits you with a demon trident of freezing!!
* * * LOW HITPOINT WARNING * * *
The merfolk impaler freezes you!
* * * LOW HITPOINT WARNING * * *
There is an open door to the Shoals, spattered with blood here.
Unknown command.
You pound the merfolk impaler like an anvil!!!
The merfolk impaler is severely wounded.
The merfolk impaler hits you with a demon trident of freezing!!
You die...

▓▓▓▓▓▓♣♣♣♣♣♣♣♣♣♣▓▓▓▓▓▓▓▓
.....)†.........@mmmmtkm
▓▓▓▓▓▓♣♣♣♣♣♣♣♣♣♣▓▓▓▓▓▓▓▓▓▓▓▓▓▓▓▓▓
........................p..p...†)
▓▓▓▓▓▓▓▓▓▓▓▓▓▓▓▓▓▓▓▓▓▓▓▓▓▓▓▓▓▓▓▓▓
)))).[[[[[[[[)..÷.....(((.))....(
▓▓▓▓▓▓▓▓▓▓▓▓▓▓▓▓▓▓▓▓▓▓▓▓▓▓▓▓▓▓▓▓▓
..........................)......
▓▓▓▓▓▓▓▓▓▓▓▓▓▓▓▓▓▓▓▓▓▓▓▓▓▓▓▓▓▓▓▓▓
..)))...)))))))......))))))∩.∩.∩.


You could see an alligator snapping turtle, 2 merfolk avatars, 2 merfolk
impalers, a wind drake and a merfolk.

Vanquished Creatures
  Kirke (D)
  An ice dragon (D)
  3 hydras (D)
  Erolcha (D)
  Erica (D)
  Nergalle (D)
  9 orc knights (D)
  An ugly thing (D)
  A hornet (D)
  An orb spider (D)
  2 orc sorcerers (D)
  3 wolf spiders (D)
  A manticore (D)
  A moth of wrath (D)
  Maurice (D)
  Psyche (D)
  2 spiny frogs (D)
  A black mamba (D)
  An efreet (D)
  2 yaktaurs (D)
  2 demonic crawlers (D)
  2 komodo dragons (D)
  A tengu conjurer (D)
  2 trolls (D)
  2 polar bears (D)
  2 bog bodies (D)
  A blink frog (D)
  A slime creature (D)
  A tarantella (D)
  2 hogs (D)
  2 yaks (D)
  A hippogriff (D)
  A porcupine (D)
  10 orc warriors (D)
  A sky beast (D)
  2 swamp drakes (D)
  6 black bears (D)
  An ogre (D)
  A wolf (D)
  2 crocodiles (D)
  A giant frog (D)
  A killer bee (D)
  A wight (D)
  A crimson imp (D)
  A hound (D)
  An orc wizard (D)
  2 iguanas (D)
  A worker ant (D)
  2 shadow imps (D)
  An adder zombie (D)
  A giant gecko (D)
  An orc (D)
  2 hobgoblins (D)
  A jackal (D)
  A quokka (D)
  A bat (D)
  A giant newt (D)
98 creatures vanquished.

Vanquished Creatures (collateral kills)
  A hill giant (D)
  An ugly thing (D)
  A spiny frog (D)
  A yaktaur (D)
  An efreet (D)
  A yak (D)
  6 orc warriors (D)
  A wolf (D)
  A giant frog (D)
  A crimson imp (D)
  3 orc priests (D)
  4 orc wizards (D)
  A river rat (D)
  4 orcs (D)
  A giant gecko zombie (D)
28 creatures vanquished.

Vanquished Creatures (others)
  An orc (D)
1 creature vanquished.

Grand Total: 127 creatures vanquished

Notes
Turn   | Place    | Note
-------+----------+-------------------------------------------
     0 | D        | Groucho the Troll Berserker began the quest for the Orb.
     0 | D        | Reached XP level 1. HP: 22/22 MP: 0/0
     7 | D        | Reached skill level 3 in Maces & Flails
    10 | D        | Reached ** piety under Trog
    49 | D        | Noticed an orc wizard
    49 | D        | Noticed an ogre
    49 | D        | Noticed an iguana
    56 | D        | Killed an orc wizard
    56 | D        | Reached skill level 4 in Maces & Flails
    56 | D        | Reached XP level 2. HP: 31/31 MP: 1/1
    56 | D        | Reached XP level 3. HP: 37/37 MP: 2/2
    60 | D        | Killed an ogre
    60 | D        | Reached *** piety under Trog
    60 | D        | Reached skill level 6 in Maces & Flails
    60 | D        | Reached XP level 4. HP: 49/49 MP: 3/3
    73 | D        | Reached skill level 7 in Maces & Flails
    73 | D        | Reached XP level 5. HP: 19/55 MP: 4/4
   630 | D        | Found a roughly hewn altar of Beogh.
   630 | D        | Found a snail-covered altar of Cheibriados.
   630 | D        | Found a shadowy altar of Dithmenos.
   630 | D        | Found a white marble altar of Elyvilon.
   630 | D        | Found a blossoming altar of Fedhas.
   630 | D        | Found an opulent altar of Gozag.
   631 | D        | Found a hazy altar of Hepliaklqana.
   632 | D        | Found a viscous altar of Jiyva.
   633 | D        | Found an ancient bone altar of Kikubaaqudgha.
   634 | D        | Found a corrupted altar of Lugonu.
   635 | D        | Found a burning altar of Makhleb.
   636 | D        | Found a sparkling altar of Nemelex Xobeh.
   637 | D        | Found an iron altar of Okawaru.
   638 | D        | Found a stormy altar of Qazlal.
   639 | D        | Found a sacrificial altar of Ru.
   640 | D        | Found a deep blue altar of Sif Muna.
   641 | D        | Found a bloodstained altar of Trog.
   642 | D        | Found a hide-covered altar of Uskayaw.
   643 | D        | Found a radiant altar of Vehumet.
   644 | D        | Found a shimmering altar of Xom.
   645 | D        | Found a basalt altar of Yredelemnul.
   646 | D        | Found a glowing silver altar of Zin.
   647 | D        | Found a glowing golden altar of the Shining One.
   679 | D        | Noticed a yak
   679 | D        | Noticed a troll
   694 | D        | Reached **** piety under Trog
   694 | D        | Reached skill level 8 in Maces & Flails
   698 | D        | Reached skill level 9 in Maces & Flails
   701 | D        | Killed a yak
   701 | D        | Reached skill level 11 in Maces & Flails
   701 | D        | Reached XP level 6. HP: 65/65 MP: 5/5
   704 | D        | Killed a troll
   704 | D        | Reached skill level 12 in Maces & Flails
   704 | D        | Reached XP level 7. HP: 71/71 MP: 6/6
   782 | D        | Noticed an efreet
   782 | D        | Noticed a troll
   782 | D        | Noticed a manticore
   785 | D        | Killed an efreet
   785 | D        | Reached skill level 13 in Maces & Flails
   786 | D        | Reached ***** piety under Trog
   786 | D        | Reached skill level 14 in Maces & Flails
   793 | D        | Killed a troll
   793 | D        | Reached XP level 8. HP: 79/79 MP: 7/7
   803 | D        | Killed a manticore
   803 | D        | Reached skill level 15 in Maces & Flails
  1056 | D        | Noticed a spiny frog
  1061 | D        | Killed a spiny frog
  1062 | D        | Reached skill level 16 in Maces & Flails
  1067 | D        | Noticed a black mamba
  1075 | D        | Killed a black mamba
  1075 | D        | Reached XP level 9. HP: 65/87 MP: 8/8
  1077 | D        | Noticed a five-headed hydra
  1109 | D        | Killed a five-headed hydra
  1109 | D        | Reached skill level 17 in Maces & Flails
  1111 | D        | Received a gift from Trog
  1111 | D        | Reached skill level 18 in Maces & Flails
  1116 | D        | Got a bloodstained giant spiked club {god gift}
  1117 | D        | Identified the +6 giant spiked club of the Final Decision {venom, Dex+4} (Trog gifted it to you in the Dungeon)
  1180 | D        | Noticed a komodo dragon
  1180 | D        | Noticed a spiny frog
  1192 | D        | Killed a komodo dragon
  1199 | D        | Killed a spiny frog
  1203 | D        | Reached XP level 10. HP: 45/94 MP: 9/9
  1212 | D        | Reached skill level 19 in Maces & Flails
  1454 | D        | Reached ****** piety under Trog
  1463 | D        | Received a gift from Trog
  1463 | D        | Reached skill level 5 in Fighting
  1463 | D        | Reached skill level 1 in Armour
  1463 | D        | Reached skill level 5 in Dodging
  1490 | D        | Got a jewelled lajatang {god gift}
  1495 | D        | Received a gift from Trog
  1650 | D        | Noticed Psyche
  1654 | D        | Killed Psyche
  1659 | D        | Noticed Erica
  1677 | D        | Killed Erica
  1716 | D        | Received a gift from Trog
  1744 | D        | Received a gift from Trog
  1759 | D        | Got a scorched flail {god gift}
  1894 | D        | Noticed an orc sorcerer
  1896 | D        | Noticed an orc knight
  1902 | D        | Killed an orc sorcerer
  1902 | D        | Reached skill level 20 in Maces & Flails
  1903 | D        | Noticed an orc sorcerer
  1910 | D        | Killed an orc knight
  1920 | D        | Killed an orc sorcerer
  1920 | D        | Received a gift from Trog
  1920 | D        | Reached XP level 11. HP: 26/109 MP: 10/10
  2011 | D        | Found Liad's Armour Emporium.
  2011 | D        | Noticed an orc knight
  2011 | D        | Noticed an orc knight
  2013 | D        | Noticed an orc knight
  2020 | D        | Killed an orc knight
  2020 | D        | Reached skill level 5 in Armour
  2023 | D        | Killed an orc knight
  2024 | D        | Found Hacidatt's Gadget Shoppe.
  2028 | D        | Noticed an orc knight
  2029 | D        | Received a gift from Trog
  2030 | D        | Noticed an orc knight
  2035 | D        | Killed an orc knight
  2036 | D        | Found Deciut's Magic Scroll Emporium.
  2046 | D        | Killed an orc knight
  2050 | D        | Killed an orc knight
  2216 | D        | Found Irocomon's Food Shoppe.
  2228 | D        | Bought a +1 cloak for 126 gold pieces
  2230 | D        | Noticed an orc knight
  2231 | D        | Noticed an orc knight
  2244 | D        | Killed an orc knight
  2244 | D        | Received a gift from Trog
  2252 | D        | Killed an orc knight
  2286 | D        | Bought a scroll of fear for 45 gold pieces
  2286 | D        | Bought a scroll of identify for 26 gold pieces
  2286 | D        | Bought a scroll of magic mapping for 45 gold pieces
  2286 | D        | Bought a scroll of enchant weapon for 97 gold pieces
  2286 | D        | Bought 2 scrolls of blinking for 195 gold pieces
  2286 | D        | Bought 2 scrolls of remove curse for 78 gold pieces
  2286 | D        | Bought a scroll of silence for 97 gold pieces
  2286 | D        | Bought a scroll of identify for 26 gold pieces
  2286 | D        | Bought 3 scrolls of identify for 78 gold pieces
  2332 | D        | Noticed Maurice
  2341 | D        | Killed Maurice
  2341 | D        | Reached skill level 21 in Maces & Flails
  2376 | D        | Noticed Erolcha
  2387 | D        | Killed Erolcha
  2387 | D        | Received a gift from Trog
  2393 | D        | Got a transparent giant club {god gift}
  2394 | D        | Identified the +5 giant club of Objectivity {crush, rF++ Str+4 Dex+3} (Trog gifted it to you in the Dungeon)
  2555 | D        | Noticed an orc knight
  2563 | D        | Killed an orc knight
  2577 | D        | Noticed a hill giant
  2585 | D        | Killed a hill giant
  2595 | D        | Noticed a green ugly thing
  2611 | D        | Killed a green ugly thing
  2611 | D        | Received a gift from Trog
  2621 | D        | Noticed an ice dragon
  2623 | D        | Noticed a cyan ugly thing
  2629 | D        | Killed an ice dragon
  2632 | D        | Reached XP level 12. HP: 68/123 MP: 11/11
  3061 | D        | Noticed Nergalle
  3072 | D        | Killed Nergalle
  3072 | D        | Received a gift from Trog
  3076 | D        | Noticed Kirke
  3081 | D        | Received a gift from Trog
  3104 | D        | Killed Kirke
  3181 | D        | Reached skill level 10 in Dodging
  3182 | D        | Reached skill level 10 in Fighting
  3182 | D        | Reached skill level 22 in Maces & Flails
  3185 | D        | Received a gift from Trog
  3188 | D        | Received a gift from Trog
  3209 | D        | Got a crystal giant spiked club {god gift}
  3210 | D        | Identified the +4 giant spiked club of Orb Guardian's Regret {crush, Str+3 Dex+2} (Trog gifted it to you in the Dungeon)
  3221 | D        | Noticed a seven-headed hydra
  3227 | D        | Killed a seven-headed hydra
  3233 | D        | Noticed a six-headed hydra
  3237 | D        | Received a gift from Trog
  3246 | D        | Killed a six-headed hydra
  3331 | D        | Noticed a merfolk impaler
  3331 | D        | Noticed a merfolk avatar
  3331 | D        | Noticed a merfolk avatar
  3331 | D        | Noticed an alligator snapping turtle
  3333 | D        | Noticed a merfolk impaler
  3334 | D        | Slain by a merfolk impaler

Vault maps used:
D:        linesprint

Skill      XL: |  1  2  3  4  5  6  7  8  9 10 11 12 |
---------------+-------------------------------------+-----
Maces & Flails | 4 6 7 11 12 14 16 18 20 21 22 | 22.5
Fighting       | 3 4 7 9 10 | 10.6
Dodging        | 3 4 7 9 10 | 10.7
Armour         | 4 7 9 |  9.5

Action                   |  1- 3 |  4- 6 |  7- 9 | 10-12 || total
-------------------------+-------+-------+-------+-------++-------
Melee: Mace              |    26 |    12 |       |       ||    38
       Dire flail        |       |    13 |    34 |       ||    47
       Giant spiked club |       |       |    21 |   115 ||   136
       Giant club        |       |       |       |    93 ||    93
Invok: Trog's Hand       |     1 |     1 |     4 |    11 ||    17
       Berserk           |     1 |     1 |     2 |     4 ||     8
       Brothers in Arms  |       |       |     1 |     6 ||     7
  Use: Potion            |       |     1 |       |     1 ||     2
       Scroll            |       |       |       |     2 ||     2
 Stab: Sleeping          |       |       |     1 |       ||     1
       Confused          |       |       |       |     1 ||     1
  Eat: Chunk             |     6 |       |    12 |    27 ||    45
       Bread ration      |       |       |     1 |       ||     1
Armor: Animal skin       |     8 |     6 |     8 |    13 ||    35
       Troll leather arm |       |       |       |    15 ||    15
Dodge: Dodged            |    15 |    14 |    21 |   104 ||   154
